 Dungeon Crawl Stone Soup version 0.31-a0-875-g02e7d12df6 (webtiles) character file.

Game seed: 11143157861346704271

4336 Gergoth the Magician (level 10, 0/76 HPs)
             Began as a Mummy Conjurer on Oct 12, 2023.
             Was a Follower of Vehumet.
             Killed from afar by a steam dragon (17 damage)
             ... with a ball of steam
             ... on level 9 of the Dungeon.
             The game lasted 00:44:40 (12189 turns).

Gergoth the Magician (Mummy Conjurer)              Turns: 12189, Time: 00:44:40

Health: 0/76       AC:  8    Str: 11    XL:     10   Next: 12%
Magic:  16/20      EV: 13    Int: 24    God:    Vehumet [*.....]
Gold:   147        SH:  7    Dex: 16    Spells: 5/23 levels left

rFire   x . .        t - +1 whip (elec)
rCold   + . .        l - +2 buckler of Winter {Drain rPois Will++ Int+2}
rNeg    + + +        s - +0 steam dragon scales
rPois   ∞            i - +2 helmet
rElec   .            (no cloak)
rCorr   .            (no gloves)
SInv    .            (no boots)
Will    +++..        (no amulet)
Stlth   ++           d - +6 ring of dexterity
HPRegen 0.32/turn    (no ring)
MPRegen 0.17/turn

%: faith
@: no status effects
A: cold resistance 1, negative energy resistance 3, torment resistance 2, heat
vulnerability 1, in touch with death 1, no potions, faith
a: Renounce Religion


You were on level 9 of the Dungeon.
You worshipped Vehumet.
Vehumet was aware of your devotion.
You visited 2 branches of the dungeon, and saw 10 of its levels.

You collected 422 gold pieces.
You spent 275 gold pieces at shops.

Inventory:

Hand Weapons
 h - a +1 dagger of draining
 t - a +1 whip of electrocution (weapon)
 z - a +4 spear
 D - the +10 quarterstaff of Cocytus {heavy, Str+5}
   (You found it on level 9 of the Dungeon)

   Str+5:     It affects your strength (+5).
Missiles
 e - 2 javelins
 m - 14 poisoned darts
Armour
 a - a +0 robe
 i - a +2 helmet (worn)
 l - the +2 buckler of Winter (worn) {Drain rPois Will++ Int+2}
   (You bought it in a shop on level 7 of the Dungeon)

   Int+2:     It affects your intelligence (+2).
   rPois:     It protects you from poison Will++: It greatly increases your
   willpower.
   Drain:     It drains your maximum health when unequipped.
 s - +0 steam dragon scales (worn)
 v - a +0 leather armour
 w - a +0 leather armour
 A - the +0 robe "Dyrupo" {*Slow rElec Str+2}
   (You found it on level 8 of the Dungeon)

   Str+2:     It affects your strength (+2).
   rElec:     It insulates you from electricity.
   *Slow:     It may slow you when you take damage.
Jewellery
 d - a +6 ring of dexterity (left hand)
 r - an amulet of guardian spirit
Wands
 y - a wand of mindburst (11)
Scrolls
 b - a scroll of torment
 c - 3 scrolls of teleportation
 f - 3 scrolls of enchant weapon
 g - 2 scrolls of identify
 j - a scroll of blinking
 k - 3 scrolls of amnesia
 n - 3 scrolls of enchant armour
 o - 2 scrolls of noise
 p - 3 scrolls of revelation
 q - 2 scrolls of immolation
 u - a scroll of fog
 B - a scroll of fear


   Skills:
 - Level 6.1 Fighting
 - Level 2.0 Armour
 - Level 4.5 Dodging
 - Level 1.8 Stealth
 + Level 2.5 Shields
 - Level 7.0 Spellcasting
 - Level 5.1 Conjurations
 + Level 1.1 Necromancy
 + Level 2.0 Translocations
 + Level 4.8 Air Magic
 + Level 4.7 Poison Magic


You had 5 spell levels left.
You knew the following spells:

 Your Spells              Type           Power      Damage    Failure   Level
a - Magic Dart            Conj           100%       1d8       1%          1
b - Poisonous Vapours     Pois/Air       62%        N/A       2%          2
c - Kiss of Death         Conj/Necr      100%       2d13      2%          1
d - Gell's Gravitas       Tloc           18%        N/A       13%         3
e - Teleport Other        Tloc           18%        N/A       13%         3
f - Iskenderun's Mystic   Conj/Tloc      25%        2d7       22%         4
g - Dispel Undead         Necr           21%        3d11      52%         4

Your spell library contained the following spells:

 Spells                   Type           Power      Damage    Failure   Level
 Foxfire                  Conj/Fire      80%        2x1d8     3%          1
 Searing Ray              Conj           66%        2d6       1%          2
 Sting                    Tmut/Pois      76%        1d6       3%          1
 Dazzling Flash           Conj/Hex       40%        N/A       11%         3
 Olgreb's Toxic Radiance  Pois           31%        N/A       14%         4
 Confusing Touch          Hex            8%         N/A       30%         3
 Fulminant Prism          Conj/Hex       10%        3d9       34%         4
 Leda's Liquefaction      Hex/Erth       4%         N/A       69%         4
 Irradiate                Conj/Tmut      10%        3d15      69%         5
 Lee's Rapid Deconstruct  Erth           4%         3d5*      95%         5
 Bombard                  Conj/Erth      10%        9d2       99%         6
 Dispersal                Tloc           9%         N/A       100%        6
 Wereblood                Tmut           Unusable   N/A       N/A         2

Dungeon Overview and Level Annotations

Branches:
Dungeon (9/15)             Temple (1/1) D:7            Lair (0/5) D:9
    Orc: D:9-12

Altars:
Ashenzari
Cheibriados
Dithmenos
Fedhas
Gozag
Hepliaklqana
Kikubaaqudgha
Makhleb
Nemelex Xobeh
Okawaru
Qazlal
Ru
Trog
Uskayaw
Vehumet
Wu Jian
Xom
Yredelemnul

Shops:
D:5 *   D:7 [

Annotations:
D:2 Sigmund
D:9 3 runed translucent doors, wvc's ghost, novice GrEE


Innate Abilities, Weirdness & Mutations

You are immune to poison.
Your flesh is cold resistant. (rC+)
You are immune to negative energy. (rN+++)
You are immune to unholy pain and torment.
You are vulnerable to heat. (rF-)
You are in touch with the powers of death.
You do not drink.
You have a special connection with the divine. (Faith)


Message History

Aim: a steam dragon (lightly wounded, very poisoned) Poisonous vapours surround the steam dragon!
The steam dragon looks as sick as possible!
Casting: Poisonous Vapours (safe; 2% risk of failure)
Confirm with . or Enter, or press ? or * to list all spells.
Aiming: Poisonous Vapours (safe; 2% risk of failure)
Press: ? - help, Dir - move target, f/p - steam dragon
Aim: a steam dragon (moderately wounded, extremely poisoned) Poisonous vapours surround the steam dragon!
The steam dragon looks as sick as possible!
Casting: Poisonous Vapours (safe; 2% risk of failure)
Confirm with . or Enter, or press ? or * to list all spells.
Aiming: Magic Dart (safe; 1% risk of failure)
Press: ? - help, Shift-Dir - straight line, f/p - steam dragon
Aim: a steam dragon (moderately wounded, extremely poisoned, 100% to hit)
The magic dart hits the steam dragon.
The steam dragon is moderately wounded.
The steam dragon breathes steam at you. The ball of steam hits you!
You hear a bellow! x2
You are engulfed in a cloud of scalding steam.
You are engulfed in a cloud of scalding steam.
Casting: Magic Dart (safe; 1% risk of failure)
Confirm with . or Enter, or press ? or * to list all spells.
Aiming: Magic Dart (safe; 1% risk of failure)
Press: ? - help, Shift-Dir - straight line, f/p - steam dragon
Aim: a steam dragon (heavily wounded, very poisoned, 100% to hit)
The magic dart hits the steam dragon but does no damage.
The steam dragon is heavily wounded.
The steam dragon breathes steam at you. The ball of steam hits you!!
You are engulfed in a cloud of scalding steam.
* * * LOW HITPOINT WARNING * * *
You are engulfed in a cloud of scalding steam.
The steam dragon breathes steam at you. The ball of steam hits you!
* * * LOW HITPOINT WARNING * * *
The steam dragon breathes steam at you. The ball of steam hits you!
You die...

#######################
...D....D.§§§D.........
##############..#######
#.§# #§§# ##### #§.#
#...# ###############..#
#..#.
.................###....
.......@§§...D.........#
.....................#..
#################....#≈.
#....#.. ####......#
........... .........#.
W.........# ########..#


There were no monsters in sight!

Vanquished Creatures
  Pikel (D:4)
  6 yaks
  A steam dragon (D:7)
  Duvessa (D:7)
  2 water moccasins
  A sky beast (D:7)
  2 ice beasts (D:7)
  A black bear (D:4)
  2 centaurs
  An ogre (D:7)
  3 phantoms
  2 lemures
  2 kobold brigands (D:7)
  2 bullfrogs
  2 scorpions
  Dowan (D:7)
  5 wights (D:6)
  7 killer bees
  A howler monkey (D:7)
  A jelly (D:6)
  A sleepcap (D:7)
  6 hounds
  An orc priest (D:8)
  4 iguanas
  Natasha (D:2)
  2 orc wizards
  Robin (D:2)
  4 gnolls (D:6)
  9 adders
  A shadow imp (D:5)
  3 white imps
  3 ufetubi
  5 worms
  A dart slug (D:4)
  16 orcs
  6 ball pythons
  8 endoplasms
  3 giant cockroaches
  18 goblins
  5 hobgoblins
  4 jackals (D:2)
  11 kobolds
  2 quokkas
  3 bats
  3 frilled lizards
  3 rats
168 creatures vanquished.

Vanquished Creatures (others)
  An orc wizard (D:7)
1 creature vanquished.

Grand Total: 169 creatures vanquished

Notes
Turn   | Place    | Note
-------+----------+-------------------------------------------
     0 | D:1      | Gergoth the Mummy Conjurer began the quest for the Orb.
     0 | D:1      | Reached XP level 1. HP: 13/13 MP: 4/4
   277 | D:1      | Reached XP level 2. HP: 20/20 MP: 1/5
   930 | D:1      | Learned a level 2 spell: Poisonous Vapours
  1142 | D:2      | Reached skill level 1 in Fighting
  1142 | D:2      | Reached skill level 3 in Spellcasting
  1336 | D:2      | Reached XP level 3. HP: 26/26 MP: 4/7
  1697 | D:2      | Noticed Natasha
  1712 | D:2      | Killed Natasha
  1842 | D:2      | Reached XP level 4. HP: 32/32 MP: 1/8
  2052 | D:2      | Noticed Sigmund
  2290 | D:2      | Noticed Robin
  2337 | D:2      | Killed Robin
  2660 | D:3      | Noticed a scorpion
  2667 | D:3      | Killed a scorpion
  2668 | D:3      | Reached skill level 1 in Air Magic
  2668 | D:3      | Reached skill level 1 in Poison Magic
  2668 | D:3      | Reached XP level 5. HP: 38/38 MP: 1/10
  3316 | D:3      | Found a faded altar of an unknown god.
  4315 | D:4      | Noticed a lemure
  4352 | D:4      | Killed a lemure
  4537 | D:4      | Noticed Pikel
  4537 | D:4      | Noticed a lemure
  4537 | D:4      | Noticed a lemure
  4537 | D:4      | Noticed a lemure
  4733 | D:4      | Reached XP level 6. HP: 35/45 MP: 2/11
  4882 | D:4      | Reached skill level 4 in Spellcasting
  4971 | D:5      | Entered Level 5 of the Dungeon
  4971 | D:5      | Found Sevi's Assorted Antiques.
  4988 | D:5      | Noticed a water moccasin
  5256 | D:5      | Found a stormy altar of Qazlal.
  5389 | D:5      | Reached XP level 7. HP: 40/51 MP: 1/13
  5854 | D:6      | Found a sparkling altar of Nemelex Xobeh.
  6118 | D:6      | Found a blossoming altar of Fedhas.
  6790 | D:4      | Reached skill level 5 in Spellcasting
  7367 | D:4      | Killed Pikel
  7368 | D:4      | Reached XP level 8. HP: 38/60 MP: 4/16
  7843 | D:6      | Reached skill level 5 in Conjurations
  8004 | D:6      | Found a basalt altar of Yredelemnul.
  8038 | D:6      | Reached skill level 6 in Spellcasting
  8409 | D:7      | Reached XP level 9. HP: 60/66 MP: 15/18
  8459 | D:7      | Found Osoew's Antique Armour Emporium.
  8652 | D:7      | Found a staircase to the Ecumenical Temple.
  8707 | Temple   | Entered the Ecumenical Temple
  8793 | Temple   | Became a worshipper of Vehumet
  8893 | D:7      | Reached skill level 5 in Fighting
  9339 | D:7      | Noticed Dowan
  9418 | D:7      | Bought a heavily runed buckler for 275 gold pieces
  9418 | D:7      | Identified the +2 buckler of Winter {Drain rPois Will++
                  | Int+2} (You bought it in a shop on level 7 of the Dungeon)
  9666 | D:7      | Reached skill level 1 in Armour
  9976 | D:8      | Identified the +0 robe "Dyrupo" {*Slow rElec Str+2}
 10161 | D:7      | Reached * piety under Vehumet
 10161 | D:7      | Offered knowledge of Foxfire by Vehumet.
 10162 | D:7      | Reached skill level 1 in Shields
 10162 | D:7      | Reached skill level 7 in Spellcasting
 10178 | D:7      | Learned a level 1 spell: Kiss of Death
 10182 | D:7      | Learned a level 3 spell: Gell's Gravitas
 10186 | D:7      | Learned a level 3 spell: Teleport Other
 10549 | D:8      | Reached skill level 1 in Necromancy
 10628 | D:8      | Reached skill level 1 in Translocations
 10967 | D:8      | Reached XP level 10. HP: 76/76 MP: 9/20
 11173 | D:8      | Found a hide-covered altar of Uskayaw.
 11247 | D:8      | Found a shimmering altar of Xom.
 11250 | D:8      | Found a sparkling altar of Nemelex Xobeh.
 11252 | D:8      | Found a burning altar of Makhleb.
 11252 | D:8      | Found a broken altar of Ashenzari.
 11252 | D:8      | Found a shimmering blue altar of Sif Muna.
 11353 | D:7      | Killed Dowan
 11354 | D:7      | Noticed Duvessa
 11401 | D:7      | Killed Duvessa
 11624 | D:9      | Found a staircase to the Lair.
 11630 | D:9      | Identified the +10 quarterstaff of Cocytus {heavy, Str+5}
 11698 | D:9      | Learned a level 4 spell: Iskenderun's Mystic Blast
 11759 | D:9      | Learned a level 4 spell: Dispel Undead
 11900 | D:9      | Found a shadowy altar of Dithmenos.
 11917 | D:9      | Found a runed translucent gate.
 11917 | D:9      | Found a runed translucent gate.
 11917 | D:9      | Found a runed translucent gate.
 11918 | D:9      | Noticed wvc's ghost (novice GrEE)
 12189 | D:9      | Killed from afar by a steam dragon

Illustrated notes

Levels and vault maps discovered:
D:1:      scummos_arrival_gate, layout_basic, minmay_crystal_water,
          minmay_domino_4
D:2:      layout_loops_corners, nicolae_wormholes, uniq_sigmund, uniq_robin,
          uniq_natasha
D:3:      layout_basic, mainiacjoe_overflow_24_doors,
          hellmonk_ecumenical_altar_blasted
D:4:      kennysheep_six_static_rooms, layout_basic, uniq_pikel
D:5:      layout_basic, overflow_temple_1_default, serial_shops,
          nicolae_stop_n_shop_2, st_stairs_8
D:6:      layout_basic, nemelex_spade_bored_becter,
          mainiacjoe_overflow_alcove_1, fedhas_bush_and_centaur_altar
D:7:      layout_loops_corners, minmay_temple_entry_glass,
          kennysheep_small_square, uniq_duvessa
D:8:      layout_rooms, nicolae_uskayaw_dance_hall, doesnt_xom_only_xom
D:9:      layout_long_grid, mainiacjoe_overflow_tiny_flanked, dpeg_oklobed_lair,
          gammafunk_ghost_ooze
Temple:   nicolae_temple_ecumenical_triangle

Skill      XL: |  1  2  3  4  5  6  7  8  9 10 |
---------------+-------------------------------+-----
Fighting       | 1 2 4 5 6 |  6.1
Spellcasting   | 3 4 5 6 7 |  7.0
Dodging        | 2 3 4 |  4.5
Air Magic      | 1 2 3 4 |  4.8
Poison Magic   | 1 2 3 4 |  4.7
Conjurations   | 4 5 |  5.1
Armour         | 2 |  2.0
Shields        | 2 |  2.5
Necromancy     | 1 |  1.1
Translocations | 1 2 |  2.0
Stealth        | |  1.8

Action                     |  1- 3 |  4- 6 |  7- 9 | 10-12 || total
---------------------------+-------+-------+-------+-------++-------
  Melee: Unarmed           |    11 |       |       |       ||    11
         Dagger            |    24 |   162 |   127 |       ||   313
         Punch             |       |     3 |     3 |       ||     6
         Whip              |       |       |   160 |     8 ||   168
   Cast: Magic Dart        |    75 |   112 |   137 |    20 ||   344
         Poisonous Vapours |     2 |    10 |    59 |    16 ||    87
         Teleport Other    |       |       |       |     1 ||     1
    Use: Scroll            |       |    10 |     5 |     2 ||    17
   Stab: Sleeping          |       |     2 |     2 |       ||     4
 Armour: Robe              |    40 |    90 |   202 |       ||   332
         Steam dragon scal |       |       |    20 |    25 ||    45
         Skin              |       |       |     5 |       ||     5
  Dodge: Dodged            |    61 |   103 |   232 |     9 ||   405

Table legend: (Time is in decaauts)
 A = Elapsed time spent in this place.
 B = Non-inter-level travel time spent in this place.
 C = Inter-level travel time spent in this place.
 D = Time resting spent in this place.
 E = Time spent auto-exploring this place.
 F = Levels seen in this place.
 G = Mean time per level.
                   A        B        C        D        E       F      G
               +--------+--------+--------+--------+--------+-----+--------+
         Total |  12224 |  12059 |    165 |   3059 |   3792 |  10 | 1222.4 |
       Dungeon |  12130 |  11965 |    165 |   3059 |   3792 |   9 | 1347.8 |
        Temple |     93 |     93 |      0 |      0 |      0 |   1 |   93.0 |
               +--------+--------+--------+--------+--------+-----+--------+

Top non-repeatable levels by time:
     D:7: 2317 daAuts
     D:4: 1837 daAuts
     D:6: 1713 daAuts
     D:2: 1626 daAuts
     D:3: 1157 daAuts
     D:1: 1078 daAuts
     D:8: 973 daAuts
     D:5: 963 daAuts
     D:9: 463 daAuts
  Temple: 93 daAuts
